 Dungeon Crawl Stone Soup version 0.21.0-37-g46506fa5f3 (webtiles) character file.

5295 Rrauwl the Fighter (level 10, -9/91 HPs)
             Began as a Minotaur Fighter on Jan 30, 2018.
             Was a Believer of the Shining One.
             Killed from afar by a starcursed mass (12 damage)
             ... with an accursed screaming
             ... on level 1 of the Abyss.
             The game lasted 00:22:25 (6371 turns).

Rrauwl the Fighter (Minotaur Fighter)               Turns: 6371, Time: 00:22:25

Health: -9/91      AC: 14    Str: 25    XL:     10   Next: 37%
Magic:  0/9        EV: 13    Int:  6    God:    the Shining One [**....]
Gold:   405        SH: 13    Dex: 12    Spells: 9/9 levels left

rFire    . . .     SeeInvis .   a - +1 war axe
rCold    . . .     Gourm    .   o - +1 shield
rNeg     + . .     Faith    .   l - +6 scale mail of Freedom {Str+4}
rPois    .         Spirit   +   (helmet restricted)
rElec    .         Reflect  .   (no cloak)
rCorr    .         Harm     .   (no gloves)
MR       .....                  (no boots)
Stlth    ..........             k - amulet of guardian spirit
HPRegen  0.25/turn              (no ring)
MPRegen  0.11/turn              (no ring)

@: glowing
A: retaliatory headbutt, horns 2
a: Divine Shield, Renounce Religion


You were on level 1 of the Abyss.
You worshipped the Shining One.
The Shining One was pleased with you.
You were not hungry.

You visited 2 branches of the dungeon, and saw 9 of its levels.
You visited the Abyss 1 time.

You collected 405 gold pieces.

Inventory:

Hand Weapons
 a - a +1 war axe (weapon)
 c - a +1 mace of protection
Missiles
 n - a throwing net (quivered)
Armour
 l - the +6 scale mail of Freedom (worn) {Str+4}
   (You found it on level 7 of the Dungeon)

   It affects your strength (+4).
 o - a +1 shield (worn)
Jewellery
 d - an uncursed amulet of magic regeneration
 k - an amulet of guardian spirit (around neck)
Wands
 j - a wand of polymorph (9)
Scrolls
 f - 6 scrolls of remove curse
 i - 5 scrolls of identify
Potions
 b - a potion of brilliance
 p - 3 potions of curing
 q - 3 potions of magic
Comestibles
 e - 12 rations


   Skills:
 + Level 9.1 Fighting
 + Level 8.7 Axes
 + Level 9.1 Armour
 + Level 7.5 Dodging
 + Level 9.0 Shields


You had 9 spell levels left.
You didn't know any spells.

Dungeon Overview and Level Annotations

Branches:
Dungeon (8/15)             Temple (1/1) D:5
   Lair: D:8-11

Altars:
Ashenzari
Cheibriados
Dithmenos
Elyvilon
Fedhas
Gozag
Hepliaklqana
Kikubaaqudgha
Makhleb
Nemelex Xobeh
Okawaru
Ru
Sif Muna
Trog
Uskayaw
Vehumet
Wu Jian
Xom
Yredelemnul
Zin
The Shining One

Annotations:
D:8 Psyche


Innate Abilities, Weirdness & Mutations

You reflexively headbutt those who attack you in melee.
You have a pair of horns on your head.


Message History

The starspawn tentacle is almost destroyed.
You hit the starspawn tentacle. You slash the tentacled starspawn!
The starspawn tentacle loses its grip on you.
The starspawn tentacle grabs you. The starspawn tentacle constricts you.
The tentacled starspawn barely misses you.
The tentacled starspawn engulfs you. The Shining One protects you from harm!
A starcursed mass splits. x2
You slash the tentacled starspawn!
The starspawn tentacle loses its grip on you.
You destroy the tentacled starspawn!
The starspawn's tentacles wither and die.
Your Fighting skill increases to level 9!
Your Armour skill increases to level 9!
Your Dodging skill increases to level 7!
Your Shields skill increases to level 9!
You have reached level 10!
The substance of the Abyss twists violently, and a gateway leading out appears!
A deafening chorus of shrieks assaults your mind!
You die...

#. ###'############ #
#... .#.........# ..
#.... .....#....# ...
.#...............# .. .
..............§###X....
.... ........@.XXX.....
....
........§....XX.... .
.# ######.#####X....
#.#....#... ... .# # #
##.### ## .. #.
.wXw≈≈≈≈. #. #.##
.#≈≈...# #.. #.≈≈≈#.##
. #.#.##≈≈≈.##


You could see 7 starcursed masses.

Vanquished Creatures
  A tentacled starspawn (Abyss:1)
  The ghost of GuyWithAPlan the Spear-Bearer, a novice MfSk of Uskayaw (D:6)
  The ghost of direpenguin the Digger, a novice DrEE of Sif Muna (D:5)
  An ancient zyme (Abyss:1)
  The ghost of FortKnight the Ruffian, an amateur TrBe of Trog (D:3)
  A water elemental (Abyss:1)
  An orc warrior (D:7)
  2 phantoms
  2 sky beasts
  2 ogres
  4 centaurs
  A big kobold (D:7)
  A small abomination (Abyss:1)
  3 bullfrogs
  2 scorpions
  A killer bee (D:8)
  A howler monkey (D:8)
  2 crimson imps (D:6)
  A quasit (D:6)
  2 jellies (D:8)
  5 orc priests
  A hound (D:8)
  6 orc wizards
  A centaur skeleton (D:5)
  A gnoll shaman (D:5)
  3 iguanas
  8 worker ants
  A hound zombie (D:6)
  A hound skeleton (D:7)
  8 gnolls
  A howler monkey skeleton (D:5)
  5 adders
  4 worms
  2 dart slugs
  A leopard gecko (D:8)
  20 orcs
  4 giant cockroaches
  2 goblins
  2 hobgoblins (D:1)
  8 jackals
  11 kobolds
  4 quokkas
  6 bats
  A frilled lizard (D:3)
  2 leopard gecko zombies
  3 rats
142 creatures vanquished.

Vanquished Creatures (others)
  5 starspawn tentacles (Abyss:1)
5 creatures vanquished.

Grand Total: 147 creatures vanquished

Notes
Turn   | Place    | Note
-------+----------+-------------------------------------------
     0 | D:1      | Rrauwl the Minotaur Fighter began the quest for the Orb.
     0 | D:1      | Reached XP level 1. HP: 19/19 MP: 0/0
   570 | D:1      | Reached XP level 2. HP: 27/27 MP: 1/1
   852 | D:2      | Reached skill level 1 in Dodging
   959 | D:2      | Found an iron altar of Okawaru.
  1023 | D:2      | Reached XP level 3. HP: 33/33 MP: 2/2
  1112 | D:2      | Found a sparkling altar of Nemelex Xobeh.
  1887 | D:3      | Found a hide-covered altar of Uskayaw.
  2136 | D:3      | Noticed FortKnight's ghost (amateur TrBe)
  2148 | D:3      | Killed FortKnight's ghost
  2148 | D:3      | Reached XP level 4. HP: 15/41 MP: 3/3
  2148 | D:3      | Reached XP level 5. HP: 18/47 MP: 4/4
  2160 | D:3      | Reached XP level 6. HP: 22/55 MP: 5/5
  2595 | D:4      | Found an ornate altar of the Wu Jian Council.
  2716 | D:4      | Reached skill level 5 in Fighting
  2716 | D:4      | Reached skill level 5 in Armour
  2716 | D:4      | Reached skill level 5 in Shields
  3038 | D:5      | Entered Level 5 of the Dungeon
  3058 | D:5      | Reached XP level 7. HP: 55/61 MP: 6/6
  3087 | D:5      | Reached skill level 5 in Axes
  3244 | D:5      | Found a staircase to the Ecumenical Temple.
  3249 | Temple   | Entered the Ecumenical Temple
  3313 | Temple   | Became a worshipper of the Shining One
  3535 | D:5      | Noticed direpenguin's ghost (novice DrEE)
  3541 | D:5      | Killed direpenguin's ghost
  3541 | D:5      | Reached XP level 8. HP: 50/71 MP: 7/7
  3579 | D:5      | Found a snail-covered altar of Cheibriados.
  3763 | D:5      | Reached skill level 5 in Dodging
  4249 | D:6      | Noticed GuyWithAPlan's ghost (novice MfSk)
  4250 | D:6      | Got an ancient bronze amulet
  4251 | D:6      | Identified the amulet "Qoblum" {Harm *Drain Int+3} (You found it on level 6 of the Dungeon)
  4273 | D:6      | Killed GuyWithAPlan's ghost
  4273 | D:6      | Reached XP level 9. HP: 22/79 MP: 8/8
  4612 | D:6      | Found a radiant altar of Vehumet.
  4757 | D:6      | Reached * piety under the Shining One
  5196 | D:7      | Found a shadowy altar of Dithmenos.
  5436 | D:7      | Got a crude scale mail
  5447 | D:7      | Identified the +6 scale mail of Freedom {Str+4} (You found it on level 7 of the Dungeon)
  5531 | D:7      | Found a white marble altar of Elyvilon.
  5802 | D:8      | Found a bloodstained altar of Trog.
  5802 | D:8      | Found an opulent altar of Gozag.
  5803 | D:8      | Found a hazy altar of Hepliaklqana.
  5805 | D:8      | Found a shattered altar of Ashenzari.
  5998 | D:8      | Noticed a two-headed ogre
  6064 | D:8      | Found a basalt altar of Yredelemnul.
  6138 | D:8      | Noticed Psyche
  6147 | D:8      | Reached ** piety under the Shining One
  6170 | D:8      | Cast into level 1 of the Abyss (Psyche)
  6209 | Abyss:1  | Noticed a daeva
  6231 | Abyss:1  | Found a radiant altar of Vehumet.
  6271 | Abyss:1  | Noticed an ancient zyme
  6287 | Abyss:1  | Killed an ancient zyme
  6345 | Abyss:1  | Noticed a tentacled starspawn
  6362 | Abyss:1  | Noticed a starcursed mass
  6367 | Abyss:1  | HP: 2/82 [tentacled starspawn (13)]
  6369 | Abyss:1  | The Shining One protects you from harm!
  6370 | Abyss:1  | Killed a tentacled starspawn
  6370 | Abyss:1  | Reached XP level 10. HP: 3/91 MP: 0/9
  6371 | Abyss:1  | Killed from afar by a starcursed mass

Skill      XL: |  1  2  3  4  5  6  7  8  9 |
---------------+----------------------------+-----
Dodging        | 1 2 3 4 5 7 |  7.5
Armour         | 4 5 6 7 9 |  9.1
Shields        | 4 5 6 7 9 |  9.0
Fighting       | 4 5 6 7 9 |  9.1
Axes           | 3 4 5 6 8 |  8.7

Action                   |  1- 3 |  4- 6 |  7- 9 | 10-12 || total
-------------------------+-------+-------+-------+-------++-------
Melee: War axe           |    74 |    55 |   268 |       ||   397
       Headbutt          |    11 |    10 |    48 |       ||    69
  Use: Scroll            |     6 |     2 |    10 |       ||    18
       Potion            |     4 |     3 |     5 |       ||    12
  Eat: Chunk             |     3 |       |     8 |       ||    11
       Ration            |     1 |       |     1 |       ||     2
Armor: Scale mail        |    31 |       |    21 |       ||    52
       Chain mail        |     6 |    14 |    59 |       ||    79
Dodge: Dodged            |    21 |     9 |    83 |       ||   113
Block: Shield            |    35 |    38 |   161 |       ||   234
